[Event "7° Rencontres Internationales des Echecs Francophones"]
[Site "PARIS, France"]
[Date "2019.08.10"]
[Round "8.7"]
[White "Sebag, Marie"]
[Black "Huynh, Laurent"]
[Result "0-1"]
[TimeControl "90'+30' + 30seconds/move"]
[WhiteElo "2494"]
[BlackElo "2135"]

1. e4 e5 2. Nf3 Nc6 3. Bc4 Bc5 4. c3 Nf6 5. d3 d6 6. O-O a6 7. Bb3 Ba7 8. Nbd2 O-O 9. h3 h6 10.
Re1 Nh5 11. Nf1 Qf6 12. Be3 Nf4 13. d4 g6 14. Ng3 h5 15. Kh2 Kg7 16. Qd2 Na5 17. Bxf4 exf4 18. Ne2 Nxb3 19. axb3 g5 20. e5 Qg6 21. exd6 cxd6 22.
h4 f6 23. Nxf4 gxf4 24. Qxf4 Bg4 25. Nd2 d5 26. g3 Bb8 27. Re7+ Rf7 28. Qe3 Bd6 29. Rxf7+ Qxf7 30. Re1 b5 31. b4 Bd7 32. Qf3 Re8 33. Rxe8 Bxe8 34. Nf1 f5 35. Kg2 f4 36. gxf4 Bxf4 37.
Ne3 Bxe3 38. Qxe3 Qg6+ 39. Kh2 Bf7 40. Qe5+ Qf6 41. Qg3+ Kh7 42. Qd3+ Bg6 43. Qg3 Be4 44. Qc7+ Kh6 45. Qg3 Bf3 46. b3 Be4 47. f4 Qg6 48. Qf2 Qg4 49. c4 bxc4 50. bxc4 dxc4 51. d5 Bxd5 52. f5 Qg2+ 53. Qxg2 Bxg2 54. Kxg2 c3 0-1

[Event "7° Rencontres Internationales des Echecs Francophones"]
[Site "PARIS, France"]
[Date "2019.08.10"]
[Round "8.4"]
[White "Shchekachev, Andrei"]
[Black "Rakotomaharo, Fy Antenaina"]
[Result "1-0"]
[TimeControl "90'+30' + 30seconds/move"]
[WhiteElo "2446"]
[BlackElo "2364"]

1. Nf3 Nf6 2. c4 g6 3. Nc3 d5 4. cxd5 Nxd5 5. Qa4+ Bd7 6. Qc2 Nb6 7. d4 Bg7 8.
e4 Bg4 9. Ne5 Be6 10. Be3 O-O 11. Rd1 a5 12. Be2 a4 13. O-O Na6 14. d5 Bc8 15. Nf3 Nb4 16. Qb1 a3 17. bxa3 Rxa3 18. Nb5 Rxa2 19. Bd2 Rb2 20.
Qc1 Rc2 21. Qa3 1-0

[Event "7° Rencontres Internationales des Echecs Francophones"]
[Site "PARIS, France"]
[Date "2019.08.10"]
[Round "8.1"]
[White "Gurevich, Mikhail"]
[Black "Le Roux, Jean-Pierre"]
[Result "1-0"]
[TimeControl "90'+30' + 30seconds/move"]
[WhiteElo "2559"]
[BlackElo "2535"]

1. c4 g6 2. Nc3 Bg7 3. g3 c5 4. Bg2 Nc6 5. a3 e6 6. Rb1 Nge7 7. b4 d6 8. e3 Bxc3 9. dxc3 Ne5 10. Qe2 Qc7 11. f4 Nd7 12. Nf3 b6 13. O-O Bb7 14. e4 Rc8 15.
b5 O-O 16. Bd2 Rce8 17. Rbe1 Qd8 18. Bc1 a6 19. a4 axb5 20. cxb5 Qa8 21. Qc2 Nf6 22. e5 Ne4 23. c4 d5 24.
cxd5 exd5 25. Nh4 f5 26. exf6 Rxf6 27. Bb2 Rd6 28. Qb3 c4 29. Qe3 d4 30. Bxd4 Nf5 31. Nxf5 gxf5 32. Be5 Rg6 33. Qa3 Qc8 34. Rc1 Nd2 35.
Rf2 Nb3 36. Bxb7 Qxb7 37. Rxc4 Na5 38. Rc7 1-0

[Event "7° Rencontres Internationales des Echecs Francophones"]
[Site "PARIS, France"]
[Date "2019.08.10"]
[Round "8.5"]
[White "Leconte, Jean-Olivier"]
[Black "David, Alberto"]
[Result "0-1"]
[TimeControl "90'+30' + 30seconds/move"]
[WhiteElo "2267"]
[BlackElo "2554"]

1. e4 c5 2. Nf3 e6 3. b4 cxb4 4. a3 d5 5. e5 Nc6 6. axb4 Bxb4 7. c3 Be7 8. d4 Bd7 9. Bd3 Rc8 10.
O-O a6 11. Re1 Na5 12. h4 Nc4 13.
h5 Nh6 14. Nfd2 Bb5 15. Nf1 Nf5 16. Qf3 g6 17. h6 Bg5 18. Bxf5 gxf5 19. Qh5 Bxc1 20. Rxc1 Rg8 21. f4 Rg4 22. g3 Ke7 23. Ra2 Qg8 24.
Rg2 Qg6 25. Qh3 Rg8 26. Kh2 f6 27. Nbd2 fxe5 28. dxe5 Bc6 29. Nxc4 dxc4 30. Rd2 Rxf4 31. Ne3 Re4 32. Ng2 Qg5 33.
Rcd1 Rg6 34. Nh4 Rxh4 35. gxh4 Qf4+ 0-1

[Event "7° Rencontres Internationales des Echecs Francophones"]
[Site "PARIS, France"]
[Date "2019.08.10"]
[Round "8.3"]
[White "Flom, Gabriel"]
[Black "Ider, Borya"]
[Result "0-1"]
[TimeControl "90'+30' + 30seconds/move"]
[WhiteElo "2355"]
[BlackElo "2492"]

1. d4 e6 2. c4 b6 3. e4 Bb7 4. Bd3 Nc6 5. Ne2 Nb4 6. Nbc3 Nxd3+ 7. Qxd3 g6 8. h4 h6 9. h5 g5 10. f4 Qe7 11. a4 f5 12.
e5 d6 13. exd6 cxd6 14. d5 Nf6 15. fxg5 hxg5 16. Bxg5 Rg8 17. Bxf6 Qxf6 18. O-O-O e5 19. c5 dxc5 20. Qb5+ Kd8 21. d6 Rg4 22. Nd5 Qf7 23. Nec3 Rd4 24. h6 Bxd5 25. h7 Bc4 26. Qc6 Rc8 27. Qxc8+ Kxc8 28. h8=Q Qg7 29. Qxg7 Bxg7 30. Rh7 Rg4 31. d7+ Kd8 32. Nd5 Bxd5 33.
Rxd5 Rxg2 34. Rh5 f4 35. a5 e4 36.
Rhf5 e3 37. Kd1 Rxb2 38. Rg5 e2+ 39.
Ke1 Bc3+ 40. Kf2 e1=Q+ 41. Kf3 Qe2+ 0-1



[ePGN "0.1;DGT LiveChess/2.2.4"]

[Event "7° Rencontres Internationales des Echecs Francophones"]
[Site "PARIS, France"]
[Date "2019.08.10"]
[Round "9.5"]
[White "Moussard, Jules"]
[Black "Flom, Gabriel"]
[Result "1-0"]
[TimeControl "90'+30' + 30seconds/move"]
[WhiteElo "2613"]
[BlackElo "2355"]

1. e4 e6 2. d4 d5 3. exd5 exd5 4. Nf3 Nc6 5. Bb5 Bd6 6.
O-O Nge7 7. h3 a6 8. Ba4 O-O 9. c3 Bf5 10. Bg5 f6 11. Be3 b5 12. Bb3 Na5 13. Nbd2 Nc4 14. Qc1 Nxe3 15. fxe3 Bd3 16. Rd1 Kh8 17. Bc2 Bxc2 18. Qxc2 f5 19. a4 Qd7 20. b3 Qe6 21. Qd3 c6 22. c4 1-0

[Event "7° Rencontres Internationales des Echecs Francophones"]
[Site "PARIS, France"]
[Date "2019.08.10"]
[Round "9.2"]
[White "Dardha, Daniel"]
[Black "Shchekachev, Andrei"]
[Result "1/2-1/2"]
[TimeControl "90'+30' + 30seconds/move"]
[WhiteElo "2390"]
[BlackElo "2446"]

1. Nf3 g6 2. g3 c5 3. Bg2 Bg7 4. O-O Nc6 5.
c4 d6 6.
Nc3 e6 7. e3 Nge7 8. d4 O-O 9.
b3 Re8 10. Bb2 cxd4 11. exd4 d5 12. cxd5 exd5 13. Re1 Be6 14. Ne5 Rc8 15. Rc1 Qa5 16. a3 Qd8 17. Na4 b6 18. Qd2 Nxe5 19.
dxe5 Rxc1 20. Rxc1 d4 21. Qxd4 Qxd4 22. Bxd4 Bxb3 23. Nc3 Nf5 24. Nb5 Bxe5 25. Bxe5 Rxe5 26. Nxa7 Ra5 27. Nc8 b5 28. Bf1 Ra8 29.
g4 Nd4 30. Nd6 Rxa3 31. Nxb5 Nxb5 32. Bxb5 Be6 33. Be2 Kg7 34. Rc2 Ra4 35. h3 Kf6 36. Kg2 Ke5 37. Rc3 Kf4 38. Rf3+ Kg5 39. Kg3 h5 40. h4+ Kh6 41. g5+ Kg7 42. Rf4 Ra1 43. Bc4 Ra3+ 44. f3 Bxc4 45. Rxc4 1/2-1/2

[Event "7° Rencontres Internationales des Echecs Francophones"]
[Site "PARIS, France"]
[Date "2019.08.10"]
[Round "9.3"]
[White "David, Alberto"]
[Black "Huynh, Laurent"]
[Result "1-0"]
[TimeControl "90'+30' + 30seconds/move"]
[WhiteElo "2554"]
[BlackElo "2135"]

1. e4 e5 2. Nf3 Nc6 3. Bb5 a6 4. Ba4 Nf6 5. d3 b5 6. Bb3 Be7 7.
O-O d6 8. c3 O-O 9. Re1 Na5 10. Bc2 c5 11. Nbd2 Nc6 12. Nf1 h6 13. Ne3 Be6 14. d4 cxd4 15. cxd4 exd4 16. Nxd4 Nxd4 17. Qxd4 Rc8 18. Bb3 Re8 19. Bd2 Nd7 20. Nd5 Bxd5 21. Qxd5 Rf8 22. Qh5 Bf6 23. Rad1 Nc5 24. Bf4 Nxb3 25.
axb3 Rc6 26. e5 Bg5 27. Bxg5 Qxg5 28.
Qf3 Rc7 29. exd6 Rd7 30. Qc6 Rfd8 31.
g3 Kh7 32. Re2 Qf6 33. Red2 Qe6 34. Rd5 a5 35. h4 g6 36.
Qc5 a4 37. b4 Qf6 38. Qxb5 Rxd6 39. Rxd6 Rxd6 40. Rxd6 Qxd6 41. Qxa4 Qb6 42. Qb3 Kg8 43. Qc4 Qd6 44. b5 Qd1+ 45. Kg2 1-0

[Event "7° Rencontres Internationales des Echecs Francophones"]
[Site "PARIS, France"]
[Date "2019.08.10"]
[Round "9.8"]
[White "Aloma Vidal, Robert"]
[Black "Dumas, Charles"]
[Result "1-0"]
[TimeControl "90'+30' + 30seconds/move"]
[WhiteElo "2417"]
[BlackElo "2148"]

1. d4 Nf6 2. c4 e6 3. Nf3 Bb4+ 4. Nbd2 O-O 5. a3 Bxd2+ 6. Qxd2 b6 7. g3 Bb7 8. Bg2 d6 9. O-O Nbd7 10. b4 e5 11. Bb2 Qe7 12. dxe5 Nxe5 13. Nxe5 Bxg2 14. Kxg2 dxe5 15.
Rfd1 Rad8 16. Qe3 Ng4 17. Qf3 f5 18. Rxd8 Qxd8 19. h3 e4 20. Qf4 Nh6 21.
c5 Qd5 22. Qxc7 e3+ 1-0

[Event "7° Rencontres Internationales des Echecs Francophones"]
[Site "PARIS, France"]
[Date "2019.08.10"]
[Round "9.9"]
[White "Ralison, Milanto Harifidy"]
[Black "Piscopo, Pierluigi"]
[Result "0-1"]
[TimeControl "90'+30' + 30seconds/move"]
[WhiteElo "2277"]
[BlackElo "2417"]

1. e4 c5 2. Nf3 e6 3. g3 Nc6 4. Bg2 Nf6 5. Nc3 d6 6. O-O Be7 7. d4 cxd4 8. Nxd4 Bd7 9. Ndb5 Qb8 10. Bf4 Ne5 11. a4 O-O 12. Qe2 a6 13. Nd4 Qc7 14. Nb3 Rac8 15.
Nd2 Rfd8 16. h3 Nc4 17. Nxc4 Qxc4 18. Qd2 Bc6 19. b3 Qc5 20. Be3 Qb4 21. Nb1 d5 22. e5 Ne4 23. Qxb4 Bxb4 24.
Bd4 Be8 25. Bxe4 dxe4 26. c3 Bc5 27.
Rd1 Bxd4 28. cxd4 Rc2 29. Na3 Rc3 30. Nc4 Rxb3 31. Nd6 Bc6 32. a5 e3 33. Kh2 Rb2 34. Rf1 Bb5 35. Rh1 0-1

[Event "7° Rencontres Internationales des Echecs Francophones"]
[Site "PARIS, France"]
[Date "2019.08.10"]
[Round "9.10"]
[White "Rakotomaharo, Fy Antenaina"]
[Black "Ternault, Mathieu"]
[Result "1/2-1/2"]
[TimeControl "90'+30' + 30seconds/move"]
[WhiteElo "2364"]
[BlackElo "2158"]

1. e4 Nc6 2. d4 e5 3. Nf3 exd4 4. Nxd4 Bb4+ 5. c3 Bc5 6. Be3 Bb6 7. Qg4 Nf6 8. Qxg7 Rg8 9. Qh6 Rg6 10. Qf4 d6 11. Nxc6 bxc6 12. h3 Qe7 13. Nd2 Be6 14. Ba6 Rb8 15.
O-O-O Bxa2 16. g4 h5 17. gxh5 Nxh5 18. Qf3 Nf6 19. h4 Qe5 20. h5 Rg8 21. Qf5 Qxf5 22. exf5 Bd5 23. Rh4 Kd7 24. c4 Bg2 25. c5 Ba5 26. Nc4 Bb4 27. cxd6 cxd6 28. Bxa7 Ra8 29. Nb6+ Kc7 30. Nxa8+ Rxa8 31. Rxb4 Rxa7 32. Be2 Be4 33. h6 Ra1+ 34. Kd2 Ra8 35. f3 Bd5 36.
Rh4 Nh7 37. Rg1 Kd7 38. Rg7 Rh8 39.
Ra4 Ke7 40. Ke3 Kf6 41. Kf4 Nf8 42. Ra8 Rxh6 43. Rg1 Nd7 44. Bd3 Ne5 45. Be4 Rh4+ 46. Ke3 Bxe4 47. fxe4 Rh3+ 48. Ke2 Rh2+ 49. Ke3 Rxb2 50. Rd8 Rb3+ 51. Ke2 Rb2+ 52. Ke3 Rb3+ 53. Kf2 Nd3+ 54. Kg2 Nf4+ 55. Kf2 Nh3+ 56. Kg2 Nxg1 57. Kxg1 Rd3 58. Kf2 Ke5 59. Re8+ Kf4 60. Re7 Rf3+ 61. Kg2 Re3 62. Rxf7 Re2+ 63.
Kf1 Rxe4 64. f6 Re6 65. Rc7 Rxf6 66. Rxc6 Ke3+ 67. Ke1 Rh6 68. Rc3+ Kd4 69. Rg3 d5 70.
Ra3 Rh1+ 71. Kd2 Rh2+ 72. Kd1 Ke4 73. Rg3 Ra2 74. Rh3 Rf2 75. Ra3 Rf3 76. Rxf3 Kxf3 77. Kd2 Ke4 78. Ke2 Kd4 79. Kd2 Kc4 80. Kc2 d4 81. Kd2 d3 82. Kd1 Kd4 83. Kd2 Ke4 84. Kd1 Kd5 85. Kd2 Kc4 86. Kd1 Kc3 87. Kc1 d2+ 88. Kd1 Kd3 1/2-1/2

[Event "7° Rencontres Internationales des Echecs Francophones"]
[Site "PARIS, France"]
[Date "2019.08.10"]
[Round "9.6"]
[White "Le Roux, Jean-Pierre"]
[Black "Shirazi, Kamran"]
[Result "1-0"]
[TimeControl "90'+30' + 30seconds/move"]
[WhiteElo "2535"]
[BlackElo "2303"]

1. d4 Nf6 2. Nf3 b6 3. Bg5 Bb7 4. Bxf6 exf6 5. Nbd2 f5 6. g3 g5 7. Bg2 f4 8. c3 fxg3 9. hxg3 Bg7 10. Qb3 Qe7 11. O-O-O Nc6 12.
Qa4 h6 13. Rhe1 O-O-O 14. d5 Na5 15. e4 c6 16. b4 Bxc3 17. bxa5 Bxa5 18. Re3 g4 19. Nh4 cxd5 20. exd5 Qf6 21.
Ne4 Qe7 22. Nf5 Qb4 23. Qxb4 Bxb4 24. a3 Bf8 25. Ned6+ Kb8 26. Nxb7 Kxb7 27. d6+ Kb8 28. Rc3 Rc8 29. Rxc8+ Kxc8 30. Kb1 h5 31. Rc1+ Kd8 32. Bb7 1-0

[Event "7° Rencontres Internationales des Echecs Francophones"]
[Site "PARIS, France"]
[Date "2019.08.10"]
[Round "9.1"]
[White "Ider, Borya"]
[Black "Gurevich, Mikhail"]
[Result "0-1"]
[TimeControl "90'+30' + 30seconds/move"]
[WhiteElo "2492"]
[BlackElo "2559"]

1. Nf3 d6 2. d4 g6 3. Bf4 Bg7 4. e3 Nd7 5. h3 e5 6. Bh2 exd4 7. exd4 Ne7 8. Bd3 O-O 9. O-O Nf6 10. c3 Bf5 11. Re1 Re8 12.
Na3 Bxd3 13. Qxd3 Qd7 14. Nc2 Qf5 15. Qxf5 Nxf5 16. Rxe8+ Rxe8 17. Re1 Kf8 18. Kf1 h5 19. Rxe8+ Kxe8 20. Ke2 Ne4 21. Nb4 Bh6 22. g4 hxg4 23. hxg4 Ne7 24.
Nd3 Kd7 25. Bf4 Bxf4 26. Nxf4 Nf6 27. Ng5 Ke8 28. Kf3 Ned5 29. Nd3 Ke7 30. c4 Nb6 31. b3 Nbd7 32. Kg3 Nb8 33. d5 a5 34. f4 Na6 35. Kf3 Nb4 36.
Nxb4 axb4 37. Ne4 Nxg4 38. Kxg4 f5+ 39. Kf3 fxe4+ 40. Kxe4 Kf6 41. Ke3 Kf5 42. Kf3 c6 43. Ke3 cxd5
44. cxd5 g5 45. fxg5 Kxg5 46.
Ke4 Kg4 47. Ke3 Kf5 48. Kd4 b5 49. Ke3 Ke5 50. Kd2 Kxd5 51. Kd3 Ke5 52. Ke3 d5 53.
Kd3 d4 54. Kd2 Ke4 55. Ke2 d3+ 56. Kd2 Kd4 57. Kc1 Kc3 0-1

[Event "7° Rencontres Internationales des Echecs Francophones"]
[Site "PARIS, France"]
[Date "2019.08.10"]
[Round "9.4"]
[White "Sochacki, Christophe"]
[Black "Hamdouchi, Hicham"]
[Result "1-0"]
[TimeControl "90'+30' + 30seconds/move"]
[WhiteElo "2443"]
[BlackElo "2514"]

1. b3 a5 2. c4 a4 3. bxa4 e5 4. Nc3 Nf6 5. Nf3 Nc6 6. d3 d5 7. cxd5 Nxd5 8. Bd2 Nb6 9. g3 Be7 10. Bg2 O-O 11. O-O Be6 12. Rb1 f6 13. Be3 Nd4 14. Bxd4 exd4 15. Nb5 c5 16. Nd2 Rxa4 17. a3 Ra5 18. Bxb7 Nd5 19. Nc4 Rxb5 20.
Rxb5 Nc3 21. Qb3 Nxe2+ 22. Kh1 Nc3 23. Rb6 Bf7 24. Re1 Qd7 25.
Kg1 Bd8 26. Bc6 Qf5 27. Be4 Nxe4 28. dxe4 1-0

[Event "7° Rencontres Internationales des Echecs Francophones"]
[Site "PARIS, France"]
[Date "2019.08.10"]
[Round "9.7"]
[White "Chabanon, Jean-Luc"]
[Black "Berend, Elvira"]
[Result "1/2-1/2"]
[TimeControl "90'+30' + 30seconds/move"]
[WhiteElo "2448"]
[BlackElo "2297"]

1. d4 Nf6 2. Nf3 g6 3. c4 Bg7 4.
g3 c6 5.
Bg2 d5 6. Qb3 O-O 7. O-O dxc4 8. Qxc4 Be6 9. Qa4 Nbd7 10. Rd1 Nb6 11. Qc2 Bf5 12. Qb3 Be6 13. Qc2 Bf5 14. Qd2 Qc8 15.
Nc3 Rd8 16. Qe1 Ne4 17. Nh4 Nd6 18. Nxf5 Nxf5 19. e3 e5 20. d5 cxd5 21. Nxd5 Nxd5 22. Bxd5 Ne7 23. Bb3 e4 24. Bd2 Nc6 25. Bc3 Qf5 26.
Bxg7 Kxg7 27. Qc3+ Kg8 28. Rxd8+ Rxd8 29. Rd1 Rxd1+ 30. Bxd1 h5 31. h4 Ne5 32. Be2 a6 33. Qc7 b5 34. Qd6 Nd3 35. Bxd3 exd3 36. Qd4 Qe6 37. b3 Qf5 38. e4 Qf3 39. Kh2 Qe2 40. Qd8+ Kg7 41. Qd4+ Kh7 42. Qf6 Kg8 43. Qd8+ Kg7 44. Qd4+ f6 45. Qd7+ Kh6 46. Qd4 d2 47. Qxf6 Kh7 48. Qf7+ Kh8 49. Qf8+ Kh7 1/2-1/2



[ePGN "0.1;DGT LiveChess/2.2.4"]

[Event "7° Rencontres Internationales des Echecs Francophones"]
[Site "PARIS, France"]
[Date "2019.08.10"]
[Round "10.2"]
[White "Shchekachev, Andrei"]
[Black "Sochacki, Christophe"]
[Result "1-0"]
[TimeControl "90'+30' + 30seconds/move"]
[WhiteElo "2446"]
[BlackElo "2443"]

1. Nf3 Nf6 2. c4 c5 3. Nc3 d5 4. cxd5 Nxd5 5.
e3 Nc6 6. Bb5 Nxc3 7. bxc3 Bd7 8. Rb1 e6 9. O-O a6 10. Be2 Qc7 11. d4 Bd6 12. e4 O-O 13. e5 Be7 14. Ng5 h6 15. Ne4 cxd4 16. cxd4 Rfd8 17. Rb3 Be8 18. Rd3 Kf8 19. a3 Qb6 20. Be3 Rd5 21. Rb3 Qa7 22. Bc4 Rd7 23. d5 Qb8 24. d6 Bd8 25. Bf4 b5 26. Qg4 Qa7 27.
Rg3 Bg5 28. Nxg5 hxg5 29. Qxg5 f6 30. exf6 bxc4 31. fxg7+ Rxg7 32. Qh6 Qf7 33. d7 Bxd7 34. Qh8+ Qg8 35. Bd6+ Ne7 36. Bxe7+ Kf7 37. Qh4 Rg6 38. Rf3+ Ke8 39. Rf8+ 1-0

[Event "7° Rencontres Internationales des Echecs Francophones"]
[Site "PARIS, France"]
[Date "2019.08.10"]
[Round "10.8"]
[White "Huynh, Laurent"]
[Black "Rakotomaharo, Fy Antenaina"]
[Result "1/2-1/2"]
[TimeControl "90'+30' + 30seconds/move"]
[WhiteElo "2135"]
[BlackElo "2364"]

1. e4 c5 2. Nf3 d6 3.
d4 cxd4 4. Nxd4 Nf6 5.
Nc3 a6 6. h3 e5 7. Nde2 h5 8.
Bg5 Be6 9. Bxf6 Qxf6 10. Nd5 Qd8 11.
Nec3 Nd7 12. Bc4 Rc8 13. Bb3 g6 14.
O-O Bh6 15. Qf3 O-O 16. Ne3 b5 17. Rad1 b4 18. Ncd5 a5 19. Rfe1 Kg7 20. Ra1 Nc5 21. a3 a4 22. axb4 Nxb3 23.
cxb3 axb3 24. Qd1 f5 25. Ra7+ Rf7 26. Rxf7+ Bxf7 27. exf5 Qg5 28. Qf3 Re8 29. Qe4 Kf8 30.
h4 Bxd5 31. Qxd5 Qf6 32. fxg6 Qxg6 33. b5 Rb8 34. Nc4 Bf4 35. b6 Kg7 36. Rd1 e4 37. Re1 e3 38. fxe3 Qg3 39. Qd4+ Be5 40. Nxe5 Qxe1+ 41. Kh2 dxe5 42. Qxe5+ Kg6 43. Qd6+ Kg7 44.
Qc7+ Kg6 45. Qd6+ 1/2-1/2

[Event "7° Rencontres Internationales des Echecs Francophones"]
[Site "PARIS, France"]
[Date "2019.08.10"]
[Round "10.5"]
[White "Ider, Borya"]
[Black "Aloma Vidal, Robert"]
[Result "1-0"]
[TimeControl "90'+30' + 30seconds/move"]
[WhiteElo "2492"]
[BlackElo "2417"]

1. Nf3 d5 2. e3 c5 3. b3 Nc6 4. Bb2 Nf6 5. Bb5 g6 6. Bxf6 exf6 7. O-O a6 8. Be2 d4 9. e4 Bd6 10. a4 f5 11.
d3 O-O 12. Nbd2 Re8 13. h3 Bc7 14.
Re1 b6 15. Bf1 Nb4 16. Re2 Bd7 17. Qc1 f4 18. e5 Nd5 19. Nc4 b5 20. Ncd2 Nc3 21. Re1 Bc6 22. Ne4 Nxe4 23. dxe4 bxa4 24.
Qxf4 axb3 25. Bc4 Qe7 26.
cxb3 Kg7 27. h4 h6 28. Bd5 Qd7 29. Qf6+ Kh7 30. Bxc6 1-0

[Event "7° Rencontres Internationales des Echecs Francophones"]
[Site "PARIS, France"]
[Date "2019.08.10"]
[Round "10.1"]
[White "Gurevich, Mikhail"]
[Black "David, Alberto"]
[Result "1-0"]
[TimeControl "90'+30' + 30seconds/move"]
[WhiteElo "2559"]
[BlackElo "2554"]

1. c4 e5 2. Nc3 Nf6 3.
Nf3 Nc6 4. a3 g6 5. g3 Bg7 6. Bg2 O-O 7. d3 h6 8. O-O d6 9. Rb1 Be6 10. b4 a6 11. a4 Qd7 12. b5 axb5 13.
axb5 Ne7 14. Bb2 Bh3 15. Ra1 Bxg2 16. Kxg2 Nf5 17. e4 Ne7 18. Rxa8 Rxa8 19. Qb3 Qc8 20. Ra1 Nd7 21. Ra3 Nc5 22.
Qc2 c6 23. Bc1 Ne6 24. Qa2 Rxa3 25. Qxa3 Qb8 26. Be3 Bf8 27. Qa5 Qd8 28. Qxd8 Nxd8 29. Nd2 Nc8 30. Nb3 f5 31. f3 Kf7 32. Kf1 Ke6 33. Ke2 g5 34.
d4 f4 35. gxf4 exf4 36. Bf2 Bg7 37.
Kd3 Kd7 38. Na4 Nf7 39. Na5 Kc7 40. Nc3 Kb6 41. Nb3 Kc7 42. h3 Ne7 43. Be1 c5 44. dxc5 Ne5+ 45. Ke2 Nxc4 46. Nd5+ Nxd5 47. exd5 dxc5 48. Nxc5 Kb6 49. Bf2 Kxb5 50. Nxb7 Ne5 51. Nd6+ Kb4 52. Bd4 Bf6 53. Ne4 Kc4 54.
Ba1 Bh8 55. d6 Nf7 56. Bxh8 Nxh8 57. d7 Kd5 1-0

[Event "7° Rencontres Internationales des Echecs Francophones"]
[Site "PARIS, France"]
[Date "2019.08.10"]
[Round "10.3"]
[White "Piscopo, Pierluigi"]
[Black "Dardha, Daniel"]
[Result "0-1"]
[TimeControl "90'+30' + 30seconds/move"]
[WhiteElo "2417"]
[BlackElo "2390"]

1. e4 c5 2. Nf3 Nc6 3. Bb5 g6 4. c3 Qb6 5. Ba4 Bg7 6. O-O e5 7. a3 Nge7 8. b4 O-O 9. d3 d5 10. Nbd2 cxb4 11. axb4 Qc7 12.
b5 Na5 13. Ba3 dxe4 14. Nxe4 Rd8 15.
Bb4 b6 16. Bxa5 bxa5 17. Bb3 Bb7 18. Nfg5 Nd5 19. c4 Nf4 20. c5 Bd5 21. g3 Nh3+ 22. Nxh3 Bxe4 23. Ng5 Bd5 24. Bxd5 Rxd5 25. Qf3 Rad8 26. c6 h6 27. Ne4 f5 28. Rfb1 0-1

[Event "7° Rencontres Internationales des Echecs Francophones"]
[Site "PARIS, France"]
[Date "2019.08.10"]
[Round "10.6"]
[White "Vedmediuc, Serghei"]
[Black "Le Quang, Kim"]
[Result "1-0"]
[TimeControl "90'+30' + 30seconds/move"]
[WhiteElo "2469"]
[BlackElo "2150"]

1. e4 c5 2. Nf3 d6 3. d4 cxd4 4. Nxd4 Nf6 5. Nc3 a6 6. f3 e5 7. Nb3 Be7 8. Be3 Be6 9. Qd2 O-O 10. O-O-O a5 11. a4 Nc6 12. g4 Nb4 13. g5 Nh5 14. Kb1 Rc8 15. Rg1 g6 16. Bb5 Qc7 17. Qf2 Nf4 18. Bxf4 exf4 19.
h4 Rfd8 20. Nd5 Bxd5 21. exd5 Qxc2+ 22. Qxc2 Rxc2 23. Nxa5 Rh2 24.
Rd4 Na6 25. Nxb7 Ra8 26. Rxf4 Bf8 27. Rc1 Bg7 28. Rc2 Rh1+ 29. Ka2 Be5 30. Re4 Ra7 31. Nd8 Ra8 32. Nc6 Bg3 33. Bxa6 Rxa6 34. a5 1-0

[Event "7° Rencontres Internationales des Echecs Francophones"]
[Site "PARIS, France"]
[Date "2019.08.10"]
[Round "10.4"]
[White "Le Roux, Jean-Pierre"]
[Black "Moussard, Jules"]
[Result "1/2-1/2"]
[TimeControl "90'+30' + 30seconds/move"]
[WhiteElo "2535"]
[BlackElo "2613"]

1. d4 f5 2. Nf3 Nf6 3. g3 g6 4. c3 Bg7 5. Qb3 e6 6. Bg2 O-O 7. O-O c6 8.
c4 d6 9.
Nc3 Nbd7 10. Bf4 Qe7 11. Qa3 Ne8 12. e4 e5 13. Bg5 Qe6 14. exf5 gxf5 15.
d5 Qf7 16. dxc6 bxc6 17. Nh4 Bb7 18.
Rad1 Kh8 19. Nb5 Nb6 20. Nxd6 Nxd6 21. Qxd6 Nxc4 22. Qc5 Nxb2 23. Rb1 Nd3 24. Qe7 Rab8 25. Bh3 f4 26. Be6 Qxe7 27. Bxe7 Rfe8 28. Nf5 Ba6 29. Bd7 Rg8 30.
Be6 Rge8 31. Bd7 Rg8 32.
Be6 Rge8 33. Bd7 Rg8 34.
Be6 1/2-1/2

[Event "7° Rencontres Internationales des Echecs Francophones"]
[Site "PARIS, France"]
[Date "2019.08.10"]
[Round "10.9"]
[White "Berend, Elvira"]
[Black "Gerber, Richard"]
[Result "1/2-1/2"]
[TimeControl "90'+30' + 30seconds/move"]
[WhiteElo "2297"]
[BlackElo "2398"]

1. e4 c5 2. Nf3 e6 3. d4 cxd4 4. Nxd4 Nc6 5. Nc3 Qc7 6. g3 d6 7. Bg2 a6 8.
O-O Bd7 9. a4 Nf6 10. Nb3 Be7 11. a5 O-O 12. Be3 Ne5 13. Bb6 Qb8 14. Nd2 Bc6 15. Qe2 Ned7 16. Be3 Qc7 17. Nc4 Nxe4 18. Nxe4 Bxe4 19. Bxe4 d5 20.
Nb6 dxe4 21. Nxa8 Rxa8 22. Rfd1 Rc8 23. Bf4 Qc6 24. c4 g5 25. Qd2 Rd8 26. Bxg5 Ne5 27. Qxd8+ Bxd8 28. Rxd8+ Kg7 29. Be3 Nf3+ 30. Kg2 Qxc4 31. Rad1 Qe2 32. R8d7 Kg6 33. b4 h5 34.
h4 Ne5 35. Rd8 Qf3+ 36. Kg1 Nd3 37.
R1xd3 exd3 38. Rxd3 e5 39.
Rd6+ f6 40. Bg5 Qe2 41. Rxf6+ Qe4 42. Rb6+ Kg7 43. Kh2 Qe2 44.
Be3 Qf3 45. Rd6 Kf7 46. Rd7+ Ke6 47. Rd2 Kf5 48. Rd8 Qc6 49. Rd2 Ke4 50. Bc5 Kf3 51. Rd3+ Kg4 52. Re3 Qd5 53. Re1 e4 54. Re3 Kf5 55.
Re1 Qd2 56. Rb1 Kg4 57. Kg2 Qd3 58. Re1 Qf3+ 59. Kg1 Kh3 60.
Kf1 Qd3+ 61. Kg1 Qf3 62.
Kf1 Qd3+ 63. Kg1 Qf3 64. Kf1 Qd3+ 65. Kg1 1/2-1/2

[Event "7° Rencontres Internationales des Echecs Francophones"]
[Site "PARIS, France"]
[Date "2019.08.10"]
[Round "10.7"]
[White "Ternault, Mathieu"]
[Black "Chabanon, Jean-Luc"]
[Result "1-0"]
[TimeControl "90'+30' + 30seconds/move"]
[WhiteElo "2158"]
[BlackElo "2448"]

1. b3 d5 2. Nf3 c5 3.
Bb2 f6 4. Nc3 e5 5. e4 dxe4 6. Nxe4 Be6 7. Bb5+ Nd7 8. Qe2 a6 9. Bc4 Bxc4 10. Qxc4 Qe7 11. O-O Qf7 12. Qe2 Qd5 13.
c4 Qc6 14. d4 cxd4 15. Bxd4 Ne7 16. Bb2 Nf5 17. Rfd1 Be7 18. Nc3 O-O-O 19. Nd5 Bd6 20. b4 Kb8 21. a4 Rc8 22. Rdc1 Rhe8 23. b5 Qc5 24. Qe4 Nd4 25. Ba3 Qxa3 26. Rxa3 Bxa3 27. Rb1 a5 28. Nxd4 exd4 29. Qxd4 Bc5 30. Qd2 b6 31. h3 Ne5 32. Qf4 Kb7 33. Rd1 Re6 34. Qe4 Ka7 35.
Qxh7 Bf8 36. Nf4 Re7 37. Ng6 Nxg6 38. Qxg6 Rec7 39. Rd4 Bc5 40. Re4 Rd8 41. g3 Rd1+ 42. Kg2 Rd2 43. Rf4 Re7 44. h4 Be3 45. Rf3 Bc5 46. h5 Rd4 47. Qc2 Re6 48. Rd3 Rde4 49. Rd7+ Kb8 50. Qd2 Re7 51. Rxe7 Rxe7 52. Qd8+ Kb7 53. Qd5+ Kc7 54. g4 Rd7 55. Qc6+ Kd8 56. h6 gxh6 57.
Qxf6+ Ke8 58. Qxh6 Rd4 59. Qe6+ Kf8 60. g5 Kg7 61. Qf6+ Kg8 62. g6 1-0

[Event "7° Rencontres Internationales des Echecs Francophones"]
[Site "PARIS, France"]
[Date "2019.08.10"]
[Round "10.10"]
[White "Hamdouchi, Hicham"]
[Black "Bouget, Alexandre"]
[Result "1-0"]
[TimeControl "90'+30' + 30seconds/move"]
[WhiteElo "2514"]
[BlackElo "2203"]

1. e4 e5 2. Nf3 Nc6 3.
Bb5 a6 4. Ba4 Nf6 5. O-O b5 6.
Bb3 Bb7 7. d3 Bc5 8. Nc3 O-O 9. a4 Na5 10. Nd5 Nxb3 11. Nxf6+ Qxf6 12. cxb3 d5 13. Qc2 dxe4 14. dxe4 Bd6 15. Be3 Qg6 16. Nd2 f5 17. f3 f4 18.
Bc5 Rad8 19. b4 bxa4 20. Nc4 Bc6 21. Rfd1 Bb5 22. Bxd6 cxd6 23. Nb6 h5 24. Rac1 h4 25. h3 Qg5 26.
Nxa4 Rf6 27. Nb6 Rg6 28. Qf2 Qh5 29. Rc7 Kh7 30. Rdc1 Rg3 31. Nd5 Bd7 32. Kh2 Kh6 33. Ra7 Bxh3 34. gxh3 Rxf3 35. Qg2 Rg3 36.
Qf1 Rf3 37. Qd1 Rf2+ 38. Kg1 Rf3 39. Ne7 Rg3+ 40. Kh2 Rf3 41. Nf5+ Kh7 42. Rxg7+ Kh8 43. Rg4 Rf2+ 44. Kg1 Rxb2 45. Rxh4 Rg8+ 46. Kh1 Qxh4 47. Nxh4 1-0



[ePGN "0.1;DGT LiveChess/2.2.4"]